 Dungeon Crawl Stone Soup version 0.29-a0-817-g9904bce7a6 (console) character file.

Game seed: 15876641849824401387

43 om the Insei (level 3, -1/28 HPs)
             Began as a Gnoll Transmuter on July 5, 2022.
             Slain by a gnoll
             ... wielding a +0 flail
              (10 damage)
             ... on level 2 of the Dungeon.
             The game lasted 00:02:30 (2293 turns).

om the Insei (Gnoll Transmuter)                     Turns: 2293, Time: 00:02:30

Health: -1/28      AC:  2    Str:  9    XL:     3   Next: 58%
Magic:  7/9        EV: 13    Int: 12    God:
Gold:   43         SH:  0    Dex: 14    Spells: 9/12 levels left

rFire   . . .      SeeInvis .   d - +0 dagger
rCold   . . .      Faith    .   (no shield)
rNeg    . . .      Spirit   .   a - +0 robe
rPois   .          Reflect  .   (helmet currently unavailable)
rElec   .          Harm     .   (no cloak)
rCorr   .          Rampage  .   (no gloves)
Will    .....                   (boots currently unavailable)
Stlth   ++........              (no amulet)
HPRegen 0.09/turn               (no ring)
MPRegen 0.11/turn               (no ring)

@: appendages, wereblooded
A: horns 2, talons 2, fangs 1, strong nose, distributed training
a: End Transformation


You were on level 2 of the Dungeon.
You had temporarily grown beastly horns and talons.
You visited 1 branch of the dungeon, and saw 2 of its levels.

You collected 43 gold pieces.

Inventory:

Hand Weapons
 d - a +0 dagger (weapon)
Armour
 a - a +0 robe (worn)
Scrolls
 e - a scroll of teleportation {unknown}
 g - 2 scrolls of vulnerability {unknown}
 j - a scroll of noise {unknown}
Potions
 b - a potion of lignification
 c - a potion of resistance {unknown}
 f - a potion of heal wounds {unknown}
 h - a potion of brilliance {unknown}
 i - 2 potions of degeneration {unknown}


   Skills:
 + Level 2.6 Fighting
 + Level 0.9 Short Blades
 + Level 0.9 Long Blades
 + Level 0.9 Axes
 + Level 0.9 Maces & Flails
 + Level 0.9 Polearms
 + Level 0.9 Staves
 + Level 0.9 Ranged Weapons
 + Level 0.9 Throwing
 + Level 0.9 Armour
 + Level 4.5 Dodging
 + Level 0.9 Stealth
 + Level 0.9 Shields
 + Level 6.5 Unarmed Combat
 + Level 5.0 Spellcasting
 + Level 0.6 Conjurations
 + Level 0.6 Hexes
 + Level 0.6 Summonings
 + Level 0.6 Necromancy
 + Level 0.6 Translocations
 + Level 3.8 Transmutations
 + Level 0.6 Fire Magic
 + Level 0.6 Ice Magic
 + Level 0.6 Air Magic
 + Level 0.6 Earth Magic
 + Level 0.6 Poison Magic
 + Level 1.0 Invocations
 + Level 0.9 Evocations


You had 9 spell levels left.
You knew the following spells:

 Your Spells              Type           Power      Damage    Failure   Level
a - Beastly Appendage     Tmut           24%        N/A       4%          1
b - Wereblood             Tmut           12%        N/A       6%          2

Your spell library contained the following spells:

 Spells                   Type           Power      Damage    Failure   Level
 Spider Form              Tmut/Pois      8%         N/A       24%         3
 Ice Form                 Ice/Tmut       8%         N/A       63%         4


Dungeon Overview and Level Annotations

Branches:
Dungeon (2/15)

Altars:


Innate Abilities, Weirdness & Mutations

You have temporarily grown beastly horns and talons.
You have very sharp teeth.
Your uncanny sense of smell can sniff out nearby items.
Your experience applies equally to all skills.


Message History

You kill the goblin!
No target in view!
You miscast Beastly Appendage.
You are very lightly contaminated with residual magic.
Nothing appears to happen.
Your magical contamination has completely faded away.
Magic restored.
HP restored.
You see here a +0 club.
You open the door.
There is an open door here.
There is an open door here. 3 gnolls come into view.
There are monsters nearby!
The gnoll shouts! x2
You hit the gnoll but do no damage. You bite the gnoll.
The gnoll is lightly wounded.
The gnoll barely misses you. The gnoll attacks as you move away!
The gnoll closely misses you.
There is an open door here.
You grow a pair of large bovine horns.
Your feet morph into talons.
The gnoll misses you.
Casting: Beastly Appendage (safe; 4% risk of failure)
Confirm with . or Enter, or press ? or * to list all spells.
Your blood is infused with primal strength.
The gnoll misses you.
You completely miss the gnoll. The gnoll hits you with a +0 flail.
The gnoll barely misses you.
You hit the gnoll but do no damage. Your headbutt misses the gnoll.
Your bite misses the gnoll. The gnoll completely misses you.
The gnoll barely misses you.
You closely miss the gnoll. Your headbutt misses the gnoll.
The gnoll barely misses you. The gnoll closely misses you.
You barely miss the gnoll. Your kick misses the gnoll.
Your headbutt misses the gnoll. Your punch misses the gnoll.
The gnoll misses you. The gnoll barely misses you.
You hit the gnoll.
The gnoll is lightly wounded.
The gnoll hits you with a +0 flail! The gnoll barely misses you.
You hit the gnoll but do no damage. You claw the gnoll.
Your bite misses the gnoll.
The gnoll is moderately wounded.
The gnoll misses you. The gnoll hits you with a +0 flail.
You hit the gnoll but do no damage.
The gnoll is moderately wounded.
The gnoll hits you with a +0 flail. The gnoll hits you with a +0 flail!
You die...

#.#g## ### .. ....## #.. ..#
#.#.. #.# #.# #...# #.####.#
#...## #)##...# #....# #.##.#.#
#...## #.##.#.# #..## #.#
#......#######.g# #.#
#####.#........gg# #.#
#.......########@## #.# #.###.#.#
##...## #.# #.#...#># ##.....##
####.# #.#.##..# ##.......##
##.##.#
#.#.#...####.........####.....###
#.#........+.......).'.........†.
#.......####.........####...#####
###)#.......#.......## #..##
#.#.#####.##.....## #.## #.#.#
#.###...## #.# #.#.#####.# ##'##
#.#


You could see 3 gnolls.

Vanquished Creatures
  A worm (D:2)
  A dart slug (D:1)
  2 endoplasms (D:1)
  4 giant cockroaches
  6 goblins
  2 hobgoblins
  3 jackals (D:2)
  2 kobolds
  A quokka (D:1)
  4 ball pythons (D:1)
  3 bats
  3 frilled lizards (D:1)
  2 rats
34 creatures vanquished.

Notes
Turn   | Place    | Note
-------+----------+-------------------------------------------
     0 | D:1      | om the Gnoll Transmuter began the quest for the Orb.
     0 | D:1      | Reached XP level 1. HP: 17/17 MP: 6/6
   160 | D:1      | Reached XP level 2. HP: 17/23 MP: 5/7
   242 | D:1      | Learned a level 2 spell: Wereblood
  1014 | D:1      | Found a faded altar of an unknown god.
  1099 | D:1      | Reached skill level 5 in Spellcasting
  1099 | D:1      | Reached XP level 3. HP: 25/28 MP: 7/9
  1383 | D:2      | Reached skill level 1 in Invocations
  2293 | D:2      | Slain by a gnoll

Illustrated notes

Levels and vault maps discovered:
D:1:      arrival_zaba_pyramid, layout_loops_ring, ebering_ecumenical_altar_hall
D:2:      layout_loops_corners

Skill      XL: |  1  2  3 |
---------------+----------+-----
Spellcasting   | 5 |  5.0
Invocations    | 1 |  1.0
Fighting       | |  2.6
Short Blades   | |  0.9
Long Blades    | |  0.9
Axes           | |  0.9
Maces & Flails | |  0.9
Polearms       | |  0.9
Staves         | |  0.9
Ranged Weapons | |  0.9
Throwing       | |  0.9
Armour         | |  0.9
Dodging        | |  4.5
Stealth        | |  0.9
Shields        | |  0.9
Unarmed Combat | |  6.5
Conjurations   | |  0.6
Hexes          | |  0.6
Summonings     | |  0.6
Necromancy     | |  0.6
Translocations | |  0.6
Transmutations | |  3.8
Fire Magic     | |  0.6
Ice Magic      | |  0.6
Air Magic      | |  0.6
Earth Magic    | |  0.6
Poison Magic   | |  0.6
Evocations     | |  0.9

Action                   || total
-------------------------++-------
Melee: Unarmed           ||    10
       Dagger            ||   110
       Kick              ||    19
       Bite              ||    14
       Headbutt          ||    15
 Cast: Beastly Appendage ||    18
       Wereblood         ||     2
Armor: Robe              ||    19
Dodge: Dodged            ||    88

Table legend: (Time is in decaauts)
 A = Elapsed time spent in this place.
 B = Non-inter-level travel time spent in this place.
 C = Inter-level travel time spent in this place.
 D = Time resting spent in this place.
 E = Time spent auto-exploring this place.
 F = Levels seen in this place.
 G = Mean time per level.
                   A        B        C        D        E       F      G
               +--------+--------+--------+--------+--------+-----+--------+
         Total |   2288 |   2241 |     47 |    615 |   1262 |   2 | 1144.0 |
       Dungeon |   2288 |   2241 |     47 |    615 |   1262 |   2 | 1144.0 |
               +--------+--------+--------+--------+--------+-----+--------+

Top non-repeatable levels by time:
     D:1: 1313 daAuts
     D:2: 974 daAuts
